 Dungeon Crawl Stone Soup version 0.30-a0-177-g1cb5dbfd7a (webtiles) character file.

Game seed: 950988270702053509

65 LnG the Caller (level 4, -1/25 HPs)
             Began as a Kobold Summoner on Oct 2, 2022.
             Slain by an orc wizard
             ... wielding a +0 dagger
              (4 damage)
             ... on level 3 of the Dungeon.
             The game lasted 00:05:08 (2739 turns).

LnG the Caller (Kobold Summoner)                    Turns: 2739, Time: 00:05:09

Health: -1/25      AC:  3    Str:  5    XL:     4   Next: 35%
Magic:  1/7        EV: 15    Int: 18    God:
Gold:   122        SH:  0    Dex: 15    Spells: 2/8 levels left

rFire   . . .      SeeInvis .    g - +0 dagger
rCold   . . .      Faith    .    (no shield)
rNeg    . . .      Spirit   .    a - +0 robe
rPois   .          Reflect  .    (no helmet)
rElec   .          Harm     .    (no cloak)
rCorr   .          Rampage  .    k - +0 pair of gloves
Will    .....                    (no boots)
Stlth   ++++......               (no amulet)
HPRegen 0.24/turn                (no ring)
MPRegen 0.10/turn                (no ring)

@: no status effects
A: small, no large weapons, nightstalker 3
a: no special abilities


You were on level 3 of the Dungeon.
You visited 1 branch of the dungeon, and saw 3 of its levels.

You collected 122 gold pieces.

Inventory:

Hand Weapons
 g - a +0 dagger (weapon)
Armour
 a - a +0 robe (worn)
 k - a +0 pair of gloves (worn)
Wands
 o - a wand of iceblast (9)
Scrolls
 d - 3 scrolls of teleportation
 f - a scroll of magic mapping
 j - 2 scrolls of fear
 m - a scroll of silence {unknown}
Potions
 b - 2 potions of magic
 c - a potion of resistance
 e - a potion of curing {unknown}
 h - a potion of lignification
 i - 2 potions of degeneration
 l - a potion of heal wounds {unknown}
 n - a potion of cancellation {unknown}


   Skills:
 * Level 1.1 Fighting
 + Level 0.5 Short Blades
 + Level 2.5 Dodging
 + Level 3.7 Stealth
 + Level 2.5 Spellcasting
 + Level 4.7 Summonings


You had 2 spell levels left.
You knew the following spells:

 Your Spells              Type           Power      Damage    Failure   Level
a - Summon Small Mammal   Summ           76%        N/A       2%          1
b - Call Imp              Summ           19%        N/A       3%          2
c - Call Canine Familiar  Summ           19%        N/A       8%          3

Your spell library contained the following spells:

 Spells                   Type           Power      Damage    Failure   Level
 Foxfire                  Conj/Fire      8%         2x1d4     17%         1
 Summon Guardian Golem    Hex/Summ       10%        N/A       19%         3
 Gell's Gravitas          Tloc           2%         N/A       45%         3
 Lesser Beckoning         Tloc           2%         N/A       45%         3
 Ozocubu's Armour         Ice            2%         N/A       45%         3
 Teleport Other           Tloc           2%         N/A       45%         3
 Summon Lightning Spire   Summ/Air       10%        N/A       54%         4
 Fireball                 Conj/Fire      1%         3d3       99%         5
 Metabolic Englaciation   Hex/Ice        1%         N/A       99%         5
 Dispersal                Tloc           1%         N/A       100%        6
 Simulacrum               Ice/Necr       1%         N/A       100%        6
 Starburst                Conj/Fire      1%         6d3       100%        6


Dungeon Overview and Level Annotations

Branches:
Dungeon (3/15)

Altars:

Annotations:
D:2 Terence


Innate Abilities, Weirdness & Mutations

You are small and have problems with some larger weapons.
You are completely attuned to the shadows.


Message History

You barely miss something. You punch something.
Your quokka bites the hobgoblin.
The hobgoblin dies!
Something hits you.
An orc priest comes into view. It is wielding a +0 club.
Your quokka barely misses something.
Unknown command.
You hit the adder.
The adder is almost dead.
Your hound closely misses the adder.
The adder bites you but does no damage.
Your hound barely misses the adder.
Your quokka closely misses something.
Something hits you. The orc barely misses you.
Unknown command.
You miss the adder.
The adder is almost dead.
The adder barely misses you.
Your crimson imp hits the adder but does no damage.
Your hound barely misses the adder.
Your quokka misses something. The adder bites your crimson imp.
The orc priest casts a cantrip, but nothing happens.
The orc closely misses you. Something hits you but does no damage.
You closely miss the adder.
The adder is almost dead.
Your hound bites the adder.
The adder dies!
Unknown command.
The orc closely misses you.
The orc hits your crimson imp with a +0 hand axe.
The orc priest mumbles some strange prayers to Beogh against you.
Beogh smites you!
* * * LOW HITPOINT WARNING * * *
Your crimson imp barely misses the orc.
Your hound bites the orc priest.
Unknown command.
The orc barely misses you.
The orc hits your quokka with a +0 hand axe.
The orc misses your crimson imp.
Your crimson imp hits the orc but does no damage.
Unknown command.
Something hits you.
You die...

...........# ...........#
....)......+ ...........#
o.....†o...# .......)†..#
#####.......
.......h5..#.............
.......ro..#...........##
........@..#.............
...........#...........##
...........# ###.#####...
............# #.# #...
............# #)# #...
#......#####
####.######## #......#
#...........# #......#
#...........# ....†.##
#............


You could see an orc priest, an orc (ally target), a friendly hound (summoned),
a friendly crimson imp (summoned) and a friendly quokka (summoned).

Vanquished Creatures
  An adder (D:2)
  An endoplasm (D:1)
  2 giant cockroaches (D:1)
  2 goblins
  2 hobgoblins (D:3)
  3 kobolds
  3 quokkas
  3 ball pythons
  2 frilled lizards
  4 rats
23 creatures vanquished.

Vanquished Creatures (collateral kills)
  2 adders
  A worm (D:2)
  An orc (D:3)
  An endoplasm (D:1)
  A goblin (D:1)
  A hobgoblin (D:3)
  A kobold (D:1)
  A rat (D:3)
9 creatures vanquished.

Grand Total: 32 creatures vanquished

Notes
Turn   | Place    | Note
-------+----------+-------------------------------------------
     0 | D:1      | LnG the Kobold Summoner began the quest for the Orb.
     0 | D:1      | Reached XP level 1. HP: 10/10 MP: 3/3
   490 | D:1      | Reached XP level 2. HP: 15/15 MP: 5/5
  1120 | D:2      | Learned a level 2 spell: Call Imp
  1280 | D:2      | Reached XP level 3. HP: 19/19 MP: 6/6
  1426 | D:2      | Noticed Terence
  1504 | D:1      | Learned a level 3 spell: Call Canine Familiar
  1707 | D:2      | Identified the +0 robe of Proximity {Fly rF+ Dex+2}
  2254 | D:3      | Found a faded altar of an unknown god.
  2411 | D:3      | Reached XP level 4. HP: 24/24 MP: 7/7
  2662 | D:3      | Reached skill level 1 in Fighting
  2739 | D:3      | Slain by an orc wizard

Illustrated notes

Levels and vault maps discovered:
D:1:      psy_arrival_conway, layout_basic, grunt_decor_one_mirror,
          columned_hall_lemuel
D:2:      cheibrodos_old_hovel, layout_basic, uniq_terence
D:3:      kennysheep_the_goblin_king, layout_basic, basic_ecumenical_altar

Skill      XL: |  1  2  3  4 |
---------------+-------------+-----
Stealth        | 3 |  3.7
Fighting       | 1 |  1.1
Short Blades   | |  0.5
Dodging        | |  2.5
Spellcasting   | |  2.5
Summonings     | |  4.7

Action                   |  1- 3 |  4- 6 || total
-------------------------+-------+-------++-------
Melee: Club              |     4 |       ||     4
       Dagger            |    68 |    30 ||    98
       Punch             |       |     1 ||     1
 Cast: Summon Small Mamm |     9 |     2 ||    11
       Call Imp          |     5 |     1 ||     6
       Call Canine Famil |     1 |     1 ||     2
  Use: Potion            |     1 |       ||     1
       Scroll            |       |     5 ||     5
 Stab: Sleeping          |    16 |       ||    16
       Distracted        |     1 |       ||     1
Armor: Robe              |    13 |     6 ||    19
       Skin              |     3 |       ||     3
Dodge: Dodged            |    38 |    37 ||    75

Table legend: (Time is in decaauts)
 A = Elapsed time spent in this place.
 B = Non-inter-level travel time spent in this place.
 C = Inter-level travel time spent in this place.
 D = Time resting spent in this place.
 E = Time spent auto-exploring this place.
 F = Levels seen in this place.
 G = Mean time per level.
                   A        B        C        D        E       F      G
               +--------+--------+--------+--------+--------+-----+--------+
         Total |   2742 |   2642 |    100 |    192 |   2088 |   3 |  914.0 |
       Dungeon |   2742 |   2642 |    100 |    192 |   2088 |   3 |  914.0 |
               +--------+--------+--------+--------+--------+-----+--------+

Top non-repeatable levels by time:
     D:1: 1165 daAuts
     D:2: 1074 daAuts
     D:3: 502 daAuts
